 Dungeon Crawl Stone Soup version 0.31-a0-986-g5e6e4ef867 (webtiles) character file.

Game seed: 3245133721538784862

34 shade12474890 the Sneak (level 3, -1/27 HPs)
             Began as a Vampire Brigand on Nov 6, 2023.
             Slain by a gnoll
             ... wielding a +0 halberd
              (15 damage)
             ... on level 3 of the Dungeon.
             The game lasted 00:10:21 (430 turns).

shade12474890 the Sneak (Vampire Brigand)            Turns: 430, Time: 00:10:21

Health: -1/27      AC:  3    Str: 12    XL:     3   Next: 14%
Magic:  3/3        EV: 12    Int: 13    God:
Gold:   24         SH:  0    Dex: 15    Spells: 2/2 levels left

rFire   . . .        a - +2 dagger
rCold   . . .        (no shield)
rNeg    . . .        b - +0 robe
rPois   .            (no helmet)
rElec   .            c - +0 cloak
rCorr   .            (no gloves)
SInv    +            (no boots)
Will    .....        (no amulet)
Stlth   ++++         (no ring)
HPRegen 0.44/turn    (no ring)
MPRegen 0.08/turn

%: no passive effects
@: healing quickly
A: alive, fangs 3, see invisible, vampiric 2
a: Exsanguinate


You were on level 3 of the Dungeon.
You visited 1 branch of the dungeon, and saw 3 of its levels.

You collected 24 gold pieces.

Inventory:

Hand Weapons
 a - a +2 dagger (weapon)
 f - a +0 whip
Missiles
 d - 13 poisoned darts (quivered)
 e - 3 curare-tipped darts
Armour
 b - a +0 robe (worn)
 c - a +0 cloak (worn)
 g - a +0 leather armour
 i - an orb of light
Talismans
 j - a beast talisman
Scrolls
 k - a scroll of identify {unknown}
Potions
 h - a potion of degeneration {unknown}


   Skills:
 + Level 1.9 Fighting
 + Level 2.3 Short Blades
 + Level 1.8 Throwing
 + Level 1.2 Dodging
 + Level 7.1 Stealth


You had 2 spell levels left.
You didn't know any spells.
Your spell library contained the following spells:

 Spells                   Type           Power      Damage    Failure   Level
 Gell's Gravitas          Tloc           0%         N/A       67%         3
 Teleport Other           Tloc           0%         N/A       67%         3
 Dispersal                Tloc           0%         N/A       100%        6


Dungeon Overview and Level Annotations

Branches:
Dungeon (3/15)

Altars:


Innate Abilities, Weirdness & Mutations

Your natural rate of healing is accelerated.
You have razor-sharp teeth.
You have supernaturally acute eyesight. (SInv)
You are afflicted with vampirism and can become a bat while bloodless.


Message History

You feel stronger. x2
You can now turn into a vampire bat when bloodless.
You see here a metallic amethyst potion.
There is a stone staircase leading down here.
You can't go up here!
You climb downwards.
There is a stone staircase leading up here.
Found 9 gold pieces.
A gnoll comes into view.
It is wielding a +0 halberd. 2 gnolls come into view.
The gnoll shouts!
You hear a shout!
A bat comes into view.
A kobold comes into view. It is wielding a +0 short sword.
The bat moves out of view.
A kobold comes into view. It is wielding a +0 short sword.
You see here 9 gold pieces.
You open the door.
There is an open door here.
The gnoll hits you from afar with a +0 halberd.
The gnoll attacks as it pursues you! The gnoll misses you.
You hit the gnoll but do no damage. You bite the gnoll.
The gnoll is lightly wounded.
The gnoll closely misses you.
You closely miss the gnoll.
The gnoll is lightly wounded.
The gnoll closely misses you.
You hit the gnoll. You bite the gnoll, but do no damage.
The gnoll is moderately wounded.
You hit the gnoll.
The gnoll is heavily wounded.
You hit the gnoll.
The gnoll is moderately wounded.
The gnoll misses you. The gnoll hits you with a +0 flail!
The gnoll closely misses you.
You completely miss the gnoll.
The gnoll is lightly wounded.
The gnoll hits you with a +0 whip! The gnoll barely misses you.
The gnoll hits you from afar with a +0 halberd!
Ouch! That really hurt!
You die...

... ..KK
######....
######.........
#....'g........
##.###.....#...
#g#<..........
#g#######...##
#@g...# ...#
#####.# ..# .#
.#


You could see 3 gnolls.

Vanquished Creatures
  Jessica (D:2)
  3 bats
  An endoplasm (D:1)
  2 goblins (D:2)
  A frilled lizard (D:1)
8 creatures vanquished.

Notes
Turn   | Place    | Note
-------+----------+-------------------------------------------
     0 | D:1      | shade12474890 the Vampire Brigand began the quest for the
                  | Orb.
     0 | D:1      | Reached XP level 1. HP: 16/16 MP: 1/1
   254 | D:1      | Reached skill level 6 in Stealth
   387 | D:2      | Reached XP level 2. HP: 22/22 MP: 2/2
   387 | D:2      | Noticed Jessica
   396 | D:2      | Killed Jessica
   397 | D:2      | Reached skill level 7 in Stealth
   397 | D:2      | Gained mutation: You are afflicted with vampirism and can
                  | become a bat while bloodless. [Vampire growth]
   397 | D:2      | Reached XP level 3. HP: 17/27 MP: 3/3
   430 | D:3      | Slain by a gnoll

Illustrated notes

Levels and vault maps discovered:
D:1:      dpeg_arrival_circle_labyrinth_c, layout_loops_ring, amethyst_killhole
D:2:      layout_basic, basic_altar, minmay_misc_feat_pillars, uniq_jessica
D:3:      layout_basic

Skill      XL: |  1  2 |
---------------+-------+-----
Stealth        | 6 7 |  7.1
Fighting       | |  1.9
Short Blades   | |  2.3
Throwing       | |  1.8
Dodging        | |  1.2

Action                     || total
---------------------------++-------
  Melee: Dagger            ||    26
         Bite              ||     5
  Throw: Dart              ||     1
 Armour: Robe              ||    20
  Dodge: Dodged            ||    17

Table legend: (Time is in decaauts)
 A = Elapsed time spent in this place.
 B = Non-inter-level travel time spent in this place.
 C = Inter-level travel time spent in this place.
 D = Time resting spent in this place.
 E = Time spent auto-exploring this place.
 F = Levels seen in this place.
 G = Mean time per level.
                   A        B        C        D        E       F      G
               +--------+--------+--------+--------+--------+-----+--------+
         Total |    425 |    266 |    159 |      0 |      0 |   3 |  141.7 |
       Dungeon |    425 |    266 |    159 |      0 |      0 |   3 |  141.7 |
               +--------+--------+--------+--------+--------+-----+--------+

Top non-repeatable levels by time:
     D:1: 299 daAuts
     D:2: 103 daAuts
     D:3: 22 daAuts
